 Dungeon Crawl Stone Soup version 0.29.1-2-gbd0b4ee654 (webtiles) character file.

Game seed: 17295914052266992491

1001 Anriel the Magician (level 8, 0/42 HPs)
             Began as a Deep Elf Fire Elementalist on Nov 30, 2022.
             Shot with an arrow by a centaur (8 damage)
             ... on level 5 of the Dungeon.
             The game lasted 00:37:44 (5260 turns).

Anriel the Magician (Deep Elf Fire Elementalist)    Turns: 5260, Time: 00:37:45

Health: 0/42       AC:  3    Str:  5    XL:     8   Next: 0%
Magic:  21/21      EV: 13    Int: 23    God:
Gold:   207        SH:  0    Dex: 15    Spells: 11/22 levels left

rFire   . . .      SeeInvis .   d - +3 dagger (speed)
rCold   . . .      Faith    .   (no shield)
rNeg    . . .      Spirit   .   j - +1 robe
rPois   .          Reflect  .   (no helmet)
rElec   .          Harm     .   (no cloak)
rCorr   .          Rampage  .   (no gloves)
Will    .....                   (no boots)
Stlth   +++.......              (no amulet)
HPRegen 0.14/turn               (no ring)
MPRegen 0.17/turn               (no ring)

@: no status effects
A: no striking features
a: no special abilities


You were on level 5 of the Dungeon.
You visited 1 branch of the dungeon, and saw 5 of its levels.
You also visited: Sewer.

You collected 207 gold pieces.

Inventory:

Hand Weapons
 d - a +3 dagger of speed (weapon)
 h - a +0 rapier
 n - a +2 short sword of venom
 r - a +2 short sword of draining
Armour
 j - a +1 robe (worn)
 l - a +0 leather armour
Jewellery
 e - an amulet of the acrobat
 k - an amulet of reflection
 q - a ring of ice
Wands
 m - a wand of digging (5)
Scrolls
 c - a scroll of magic mapping {unknown}
 f - 2 scrolls of teleportation
 o - a scroll of blinking
 v - a scroll of silence {unknown}
Potions
 a - a potion of cancellation {unknown}
 b - 2 potions of magic
 g - a potion of mutation {unknown}
 i - 3 potions of degeneration {unknown}
 p - 2 potions of heal wounds {unknown}
 s - 2 potions of might {unknown}
 t - a potion of brilliance {unknown}
 u - a potion of flight {unknown}


   Skills:
 + Level 0.8 Fighting
 + Level 0.5 Short Blades
 * Level 4.2 Dodging
 + Level 3.9 Stealth
 + Level 7.7 Spellcasting
 + Level 4.3 Conjurations
 * Level 6.0 Fire Magic


You had 11 spell levels left.
You knew the following spells:

 Your Spells              Type           Power      Damage    Failure   Level
a - Foxfire               Conj/Fire      100%       2x1d9     1%          1
b - Conjure Flame         Conj/Fire      32%        6-21      2%          3
c - Inner Flame           Hex/Fire       22%        N/A       6%          3
d - Flame Wave            Conj/Fire      32%        2d9       9%          4

Your spell library contained the following spells:

 Spells                   Type           Power      Damage    Failure   Level
 Scorch                   Fire           72%        2d9       1%          2
 Ensorcelled Hibernation  Hex/Ice        16%        N/A       11%         2
 Passwall                 Tmut/Erth      6%         N/A       11%         2
 Ozocubu's Armour         Ice            8%         N/A       22%         3
 Swiftness                Air            8%         N/A       22%         3
 Ozocubu's Refrigeration  Ice            4%         4d8       100%        7


Dungeon Overview and Level Annotations

Branches:
Dungeon (5/15)              Sewer (visited)
 Temple: D:4-7

Altars:
Fedhas
Okawaru
Uskayaw

Annotations:
D:1 1 runed translucent door


Message History

A quokka comes into view.
Casting: Foxfire (safe; 1% risk of failure)
Confirm with . or Enter, or press ? or * to list all spells.
You conjure some foxfire!
The foxfire hits the quokka.
You kill the quokka!
Your foxfire dissipates!
A centaur comes into view.
Found 7 gold pieces.
The centaur wields a +0 shortbow.
The centaur shoots an arrow.
The arrow completely misses you.
The centaur shoots an arrow.
Keep disrobing? [Y]es or [N]o only, please.
Keep disrobing?
The arrow hits you.
You start removing your amulet.
You continue taking off your amulet of the acrobat.
The centaur shoots an arrow.
The arrow hits you!
You continue taking off your amulet of the acrobat.
The centaur shoots an arrow.
The arrow hits you!
* * * LOW HITPOINT WARNING * * *
You continue taking off your amulet of the acrobat.
The centaur shoots an arrow.
The arrow misses you.
You continue taking off your amulet of the acrobat.
The centaur shoots an arrow.
The arrow barely misses you.
You finish taking off your amulet of the acrobat.
Okay, then.
Blink to where?
Press: ? - help, Dir - move target
As you read the scroll of blinking, it crumbles to dust.
You start putting on your amulet.
You continue putting on your amulet of reflection. x3
The centaur shoots an arrow.
Keep equipping yourself? [Y]es or [N]o only, please.
Keep equipping yourself? [Y]es or [N]o only, please.
Keep equipping yourself?
You stop putting on your amulet.
The arrow misses you.
The centaur shoots an arrow.
The arrow hits you!
You die...

### #### ~~####~~## ~~~~~~~~~#
รท~####~~## #### ~##~~##~####
....# ~#~.~~~~#..# #####....#
~#~~~~~~#..####.........
~##~~####....##.........
~~####~~##...##.@.......
~~~~~~~~~.....#.........
~~####~~##....#.........
###..####...............
#.#.##.......##.##...##########
.......<.....##...............$
.......................c.......
......#.......(.....#..........
...)..##...........##..~~......


You could see a centaur.

Vanquished Creatures
  An ice beast (D:5)
  2 ogres
  A phantom (D:4)
  2 kobold brigands (Sewer)
  2 scorpions
  A hound (D:3)
  An orc priest (D:4)
  3 iguanas
  An orc wizard (D:4)
  8 adders
  A gnoll (D:3)
  4 river rats (D:5)
  3 worms
  2 dart slugs
  11 orcs
  4 endoplasms
  8 giant cockroaches
  5 hobgoblins
  5 jackals
  4 quokkas
  10 ball pythons
  7 bats
  5 frilled lizards
  16 goblins
  19 kobolds
  4 rats
130 creatures vanquished.

Vanquished Creatures (collateral kills)
  2 foxfires (Sewer)
2 creatures vanquished.

Vanquished Creatures (others)
  340 foxfires
  A fungus (Sewer)
  3 plants
344 creatures vanquished.

Grand Total: 476 creatures vanquished

Notes
Turn   | Place    | Note
-------+----------+-------------------------------------------
     0 | D:1      | Anriel the Deep Elf Fire Elementalist began the quest for
                  | the Orb.
     0 | D:1      | Reached XP level 1. HP: 10/10 MP: 6/6
     1 | D:1      | Found a runed translucent door.
    31 | D:1      | Found a faded altar of an unknown god.
   105 | D:1      | Reached XP level 2. HP: 12/15 MP: 2/8
   998 | D:2      | Reached XP level 3. HP: 19/19 MP: 6/10
  1886 | D:3      | Reached skill level 4 in Spellcasting
  1887 | D:3      | Reached XP level 4. HP: 24/24 MP: 9/12
  2074 | D:3      | Learned a level 3 spell: Conjure Flame
  2673 | D:3      | Reached skill level 5 in Spellcasting
  2673 | D:3      | Reached XP level 5. HP: 10/28 MP: 7/14
  2896 | D:4      | Reached skill level 6 in Spellcasting
  2976 | D:4      | Reached XP level 6. HP: 6/32 MP: 7/17
  2981 | D:4      | HP: 1/32 [poisoned by a scorpion]
  3561 | D:4      | Reached skill level 5 in Fire Magic
  3655 | D:4      | Reached skill level 7 in Spellcasting
  3655 | D:4      | Reached XP level 7. HP: 36/36 MP: 14/19
  3867 | D:4      | Learned a level 3 spell: Inner Flame
  3872 | D:4      | Learned a level 4 spell: Flame Wave
  3896 | D:4      | Found a hide-covered altar of Uskayaw.
  3926 | D:4      | Found a blossoming altar of Fedhas.
  3955 | D:5      | Entered Level 5 of the Dungeon
  4019 | D:5      | Found a glowing drain.
  4157 | Sewer    | Entered a sewer
  5118 | D:5      | Found an iron altar of Okawaru.
  5144 | D:5      | Reached XP level 8. HP: 42/42 MP: 16/21
  5260 | D:5      | Shot with an arrow by a centaur

Illustrated notes

Levels and vault maps discovered:
D:1:      dpeg_arrival_caged_fury, layout_basic,
          nicolae_ecumenical_snake_handling
D:2:      cheibrodos_old_hovel, layout_basic
D:3:      layout_basic, st_stairs_6, minmay_pentomino_pile
D:4:      layout_cave_pools, mainiacjoe_overflow_two_lobes, minmay_ogre_servants
D:5:      cheibrodos_helix_gallery, layout_basic, okawaru_gym_becter,
          gup_sewer_entry_bubbles, mrwooster_statue_mirror

Skill      XL: |  1  2  3  4  5  6  7 |
---------------+----------------------+-----
Fire Magic     | 4 5 6 |  6.0
Spellcasting   | 4 5 6 7 |  7.7
Conjurations   | 2 3 4 |  4.3
Stealth        | 3 |  3.9
Dodging        | 3 4 |  4.2
Fighting       | |  0.8
Short Blades   | |  0.5

Action                   |  1- 3 |  4- 6 |  7- 9 || total
-------------------------+-------+-------+-------++-------
Melee: Dagger            |     4 |     9 |     3 ||    16
 Cast: Foxfire           |    45 |    84 |    64 ||   193
       Conjure Flame     |       |     6 |       ||     6
       Flame Wave        |       |       |     2 ||     2
  Use: Scroll            |       |     4 |     5 ||     9
       Potion            |       |     3 |       ||     3
 Stab: Sleeping          |       |       |     1 ||     1
Armor: Robe              |     2 |    13 |     3 ||    18
Dodge: Dodged            |     9 |    26 |    22 ||    57
